 Dungeon Crawl Stone Soup version 0.31-a0-746-ge8284cb111 (webtiles) character file.

Game seed: 10655372220583167077

1547 CrazyBamboolord the Changeling (level 8, 0/58 HPs)
             Began as a Demonspawn Shapeshifter on Sept 14, 2023.
             Was an Initiate of Lugonu.
             Slain by a scorpion (7 damage)
             ... on level 5 of the Dungeon.
             The game lasted 00:07:18 (4735 turns).

CrazyBamboolord the Changeling (DsSh)               Turns: 4735, Time: 00:07:19

Health: 0/58       AC:  4    Str: 16    XL:     8   Next: 57%
Magic:  0/11       EV: 12    Int: 12    God:    Lugonu [......]
Gold:   203        SH:  0    Dex: 13    Spells: 7/7 levels left

rFire   . .          .
                       - Unarmed
rCold   . . .        i - melded orb {*Rage}
rNeg    . . .        a - +0 animal skin
rPois   +            (no helmet)
rElec   .            (no cloak)
rCorr   .            s - +1 pair of gloves
SInv    .            (no boots)
Will    .....        r - amulet of guardian spirit
Stlth   +            x - ring of poison resistance
HPRegen 0.29/turn    (no ring)
MPRegen 0.12/turn

%: guardian spirit
@: mighty, flux-form, glowing
A: glow, contaminating, powered by death 2, powered by pain 1, weakness stinger
2
a: Begin Untransformation, Renounce Religion


You were on level 5 of the Dungeon.
You worshipped Lugonu.
Lugonu was noncommittal.
You were something dangerously unstable.
You visited 2 branches of the dungeon, and saw 6 of its levels.

You collected 259 gold pieces.
You spent 56 gold pieces at shops.

Inventory:

Armour
 a - a +0 animal skin (worn)
 i - an orb of wrath (melded)
 s - a +1 pair of gloves (worn)
Jewellery
 r - an amulet of guardian spirit (around neck)
 x - a ring of poison resistance (left hand)
 B - a ring of fire
Talismans
 c - a beast talisman
 d - a flux talisman (active)
Wands
 t - a wand of digging (1)
Scrolls
 b - a scroll of noise {unknown}
 g - 3 scrolls of poison
 k - 2 scrolls of enchant armour
 m - a scroll of vulnerability
 o - 2 scrolls of teleportation {unknown}
 w - a scroll of revelation {unknown}
 y - a scroll of enchant weapon {unknown}
 z - a scroll of immolation {unknown}
 A - a scroll of blinking {unknown}
Potions
 e - a potion of curing
 f - a potion of mutation {unknown}
 h - a potion of heal wounds {unknown}
 j - a potion of might
 l - 2 potions of cancellation
 n - a potion of brilliance {unknown}
 p - a potion of resistance {unknown}
 u - 2 potions of attraction {unknown}
 v - a potion of haste {unknown}


   Skills:
 * Level 3.4 Fighting
 * Level 2.9 Armour
 - Level 1.7 Dodging
 * Level 4.1 Unarmed Combat
 * Level 4.1 Invocations
 * Level 7.5 Shapeshifting


You had 7 spell levels left.
You didn't know any spells.
Your spell library contained the following spells:

 Spells                   Type           Power      Damage    Failure   Level
 Sandblast                Erth           0%         2d4       32%         1
 Passwall                 Tmut/Erth      0%         N/A       45%         2
 Poisonous Vapours        Pois/Air       0%         N/A       45%         2
 Mephitic Cloud           Conj/Pois/Air  0%         N/A       69%         3
 Stone Arrow              Conj/Erth      0%         3d7       69%         3
 Freezing Cloud           Conj/Ice/Air   0%         6-21      100%        5


Dungeon Overview and Level Annotations

Branches:
Dungeon (5/15)             Temple (1/1) D:4

Altars:
Ashenzari
Fedhas
Gozag
Hepliaklqana
Kikubaaqudgha
Makhleb
Nemelex Xobeh
Okawaru
Qazlal
Ru
Trog
Uskayaw
Vehumet
Wu Jian
Xom
Lugonu

Shops:
D:2 !

Annotations:
D:5 3 runed translucent doors, 2 transporters, gyole's ghost, amateur SpDe


Innate Abilities, Weirdness & Mutations

You are something dangerously unstable.
You glow with magical radiation, making you easy to see and hit.
Foes you strike become dangerously contaminated with magical radiation.
You are incapable of wielding weapons or throwing items.
You regenerate health from kills.
You sometimes gain a little power by taking damage.
You have a tail ending in a sharp stinger.


Message History

The scorpion is moderately wounded.
You feel sick. The scorpion stings you.
* * * LOW HITPOINT WARNING * * *
The scorpion stings you.
* * * LOW HITPOINT WARNING * * *
You feel better.
The scorpion stings you but does no damage.
The scorpion stings you.
* * * LOW HITPOINT WARNING * * *
You feel very mighty all of a sudden. The scorpion stings you.
* * * LOW HITPOINT WARNING * * *
The scorpion stings you.
* * * LOW HITPOINT WARNING * * *
The scorpion stings you.
* * * LOW HITPOINT WARNING * * *
You closely miss the scorpion.
The scorpion is moderately wounded.
The scorpion stings you but does no damage.
The scorpion barely misses you.
Unknown command.
You punch the scorpion!
The scorpion begins to glow.
The scorpion is almost dead.
The scorpion stings you but does no damage.
The scorpion stings you.
* * * LOW HITPOINT WARNING * * *
Unknown command.
You hit the scorpion.
You kill the scorpion!
Lugonu accepts your kill. The scorpion stings you.
Your Invocations skill increases to level 4!
Unknown command.
You closely miss the scorpion. You hit the scorpion.
The scorpion begins to glow.
The scorpion is moderately wounded.
The scorpion stings you.
* * * LOW HITPOINT WARNING * * *
The scorpion closely misses you. The scorpion stings you!
You die...

..........†....######'##..#..8.#.
..#.....##.....#.................
###.....#......##................
####...#..##...................#.
.#.....#..##########'########..#.
.#..........#...............#..#.
............#...............#..#.
..#......##.#....#######....##...
..##.....#..#...B#.....#....#....
....#.......#...sssBs..+....#....
..........###....#s....#....#....
.##...<....##....#######....#....
............#...............#.)).
...........##...............#..).
.##......#.#########'#########).)
###.#....#..#.##.###.............
##....8.....#..#...#.............


You could see 5 scorpions and a giant cockroach.

Vanquished Creatures
  Sigmund (D:4)
  An ice beast (D:4)
  A black bear (D:4)
  An ogre (D:4)
  2 phantoms
  A kobold brigand (D:4)
  7 scorpions (D:5)
  A hound (D:5)
  4 orc priests
  2 iguanas
  2 orc wizards
  3 gnolls (D:4)
  9 adders
  An ufetubus (D:4)
  2 worms
  4 dart slugs
  21 orcs
  8 endoplasms
  6 giant cockroaches
  8 goblins
  10 hobgoblins
  6 jackals
  2 quokkas
  6 ball pythons
  2 bats (D:3)
  3 frilled lizards
  7 kobolds
  7 rats
128 creatures vanquished.

Notes
Turn   | Place    | Note
-------+----------+-------------------------------------------
     0 | D:1      | CrazyBamboolord the Demonspawn Shapeshifter began the quest
                  | for the Orb.
     0 | D:1      | Reached XP level 1. HP: 15/15 MP: 1/1
    82 | D:1      | Reached skill level 3 in Shapeshifting
    87 | D:1      | Gained mutation: You regenerate a little health from kills.
                  | [demonic ancestry]
    87 | D:1      | Reached XP level 2. HP: 6/21 MP: 2/2
   884 | D:2      | Found Zoasi's Distillery.
   901 | D:2      | Gained mutation: You sometimes gain a little power by
                  | taking damage. [demonic ancestry]
   901 | D:2      | Reached XP level 3. HP: 5/26 MP: 3/3
   950 | D:2      | Bought a potion of might for 56 gold pieces
  1083 | D:2      | Reached skill level 4 in Shapeshifting
  1397 | D:2      | Gained mutation: You have a small tail. [demonic ancestry]
  1397 | D:2      | Reached XP level 4. HP: 32/32 MP: 4/4
  2275 | D:3      | Found an opulent altar of Gozag.
  2319 | D:3      | Reached skill level 5 in Shapeshifting
  2319 | D:3      | Reached XP level 5. HP: 37/37 MP: 5/5
  2769 | D:3      | Gained mutation: You have a tail ending in a sharp stinger.
                  | [demonic ancestry]
  2769 | D:3      | Reached XP level 6. HP: 14/43 MP: 2/6
  2998 | D:4      | Reached skill level 6 in Shapeshifting
  3138 | D:4      | Reached XP level 7. HP: 37/48 MP: 5/7
  3283 | D:4      | Found a staircase to the Ecumenical Temple.
  3307 | D:4      | Reached skill level 7 in Shapeshifting
  3328 | Temple   | Entered the Ecumenical Temple
  3346 | Temple   | Became a worshipper of Lugonu the Unformed
  3406 | D:4      | Reached skill level 1 in Invocations
  3604 | D:4      | Noticed Sigmund
  3612 | D:4      | Killed Sigmund
  3613 | D:4      | Reached skill level 1 in Armour
  3931 | D:5      | Entered Level 5 of the Dungeon
  3943 | D:5      | Found a runed translucent door.
  3953 | D:5      | Gained mutation: You regenerate health from kills. [demonic
                  | ancestry]
  3953 | D:5      | Reached XP level 8. HP: 57/57 MP: 9/9
  4189 | D:5      | Found a transporter.
  4194 | D:5      | Found a transporter.
  4202 | D:5      | Noticed a two-headed ogre
  4204 | D:5      | Found a burning altar of Makhleb.
  4204 | D:5      | Found a bloodstained altar of Trog.
  4219 | D:5      | Found an iron altar of Okawaru.
  4290 | D:5      | Found a hazy altar of Hepliaklqana.
  4310 | D:5      | Found a runed translucent door.
  4374 | D:5      | Found a runed translucent door.
  4376 | D:5      | Found a runed translucent door.
  4387 | D:5      | Found an ornate altar of the Wu Jian Council.
  4536 | D:5      | Noticed gyole's ghost (amateur SpDe)
  4581 | D:5      | Found a blossoming altar of Fedhas.
  4735 | D:5      | Slain by a scorpion

Illustrated notes

Levels and vault maps discovered:
D:1:      minmay_arrival_cross, layout_loops_cross, serial_rivers,
          chequers_serial_rivers_room_a, chequers_serial_rivers_room_b,
          chequers_serial_rivers_micro_a, chequers_serial_rivers_marsh,
          chequers_serial_rivers_small_3, solitary_fountain, minmay_pentomino_u2
D:2:      layout_loops_ring, serial_shops, shop_fountains
D:3:      layout_loops_ring, pdpol_temple_overflow_zin_treasury_gozag_greed,
          minmay_fractal_squares_diagonal_5
D:4:      layout_loops_ring, minmay_temple_entry_drinking_statues,
          nicolae_titane, uniq_sigmund
D:5:      lemuel_insect_pit, layout_cave_pools,
          nicolae_wu_jian_immortal_techniques, mainiacjoe_overflow_alcove_4,
          mainiacjoe_overflow_alcove_1, gammafunk_temple_overflow_arena,
          lemuel_doored_altar, ebering_ghost_sewer_f, serial_column_ruins,
          column_ruins_circle_large, column_ruins_open_tiny,
          column_ruins_open_small, column_ruins_columns_corner,
          column_ruins_columns_straight
Temple:   kb_corrupted_temple

Skill      XL: |  1  2  3  4  5  6  7  8 |
---------------+-------------------------+-----
Shapeshifting  | 3 4 5 6 7 |  7.5
Unarmed Combat | 3 4 |  4.1
Invocations    | 2 4 |  4.1
Fighting       | 2 3 |  3.4
Armour         | 1 2 |  2.9
Dodging        | |  1.7

Action                     |  1- 3 |  4- 6 |  7- 9 || total
---------------------------+-------+-------+-------++-------
  Melee: Unarmed           |   109 |   156 |   147 ||   412
         Tailslap          |       |    12 |    23 ||    35
    Use: Potion            |     1 |       |     2 ||     3
         Scroll            |       |     2 |     3 ||     5
 Armour: Skin              |    14 |       |       ||    14
         Animal skin       |    46 |    92 |   110 ||   248
  Dodge: Dodged            |    66 |   120 |    94 ||   280
   Form: Flux              |       |       |     1 ||     1

Table legend: (Time is in decaauts)
 A = Elapsed time spent in this place.
 B = Non-inter-level travel time spent in this place.
 C = Inter-level travel time spent in this place.
 D = Time resting spent in this place.
 E = Time spent auto-exploring this place.
 F = Levels seen in this place.
 G = Mean time per level.
                   A        B        C        D        E       F      G
               +--------+--------+--------+--------+--------+-----+--------+
         Total |   4892 |   4738 |    154 |    494 |   3349 |   6 |  815.3 |
       Dungeon |   4857 |   4716 |    141 |    494 |   3349 |   5 |  971.4 |
        Temple |     35 |     22 |     13 |      0 |      0 |   1 |   35.0 |
               +--------+--------+--------+--------+--------+-----+--------+

Top non-repeatable levels by time:
     D:3: 1286 daAuts
     D:4: 1066 daAuts
     D:1: 893 daAuts
     D:2: 813 daAuts
     D:5: 797 daAuts
  Temple: 35 daAuts
